[Event "FIDE WCCC Open-08 2024"]
[Site "Montesilvano"]
[Date "2024.11.22"]
[Round "7.42"]
[White "Vrsalovic Acuna. Stjepan Anton"]
[Black "Agar, Garig"]
[Result "0-1"]
[ECO "C47"]
[WhiteElo "1452"]
[BlackElo "1534"]
[Annotator "NA RC"]
[PlyCount "68"]
[EventDate "2024.11.18"]
[EventType "swiss"]
[EventCountry "ITA"]
[SourceTitle "playchess.com"]
[Source "ChessBase"]
[SourceQuality "1"]
[TimeControl "5400+30"]

1. e4 e5 2. Nf3 Nc6 3. Nc3 Nf6 4. d4 exd4 5. Nxd4 Bb4 6. Nxc6 bxc6 7. Bd3 d5 8. Qe2 O-O 9. O-O Re8 10. e5 Ng4 11. f4 f6 12. h3 Bc5+ 13. Kh1 fxe5 14. fxe5 Nxe5 15. Bf4 Nxd3 16. Qxd3 Rb8 17. Qg3 Bd6 18. b3 Ba6 19. Rfe1 Bxf4 20. Qxf4 Qd6 21. Qxd6 cxd6 22. Kh2 Re5 23. Rxe5 dxe5 24. Re1 e4 25. Kg3 Kf7 26. Na4 Re8 27. Nc5 Bc8 28. Kf4 Rf8 29. Ke5 Ke7 30. Re2 Rf5+ 31. Kd4 Kd6 32. b4 Rf1 33. Kc3 Ke5 34. Kb3 Kf4 0-1

[Event "FIDE WCCC Open-08 2024"]
[Site "Montesilvano"]
[Date "2024.11.22"]
[Round "7.43"]
[White "Kakagiannis, Stylianos"]
[Black "Reclik, Jakub"]
[Result "0-1"]
[ECO "C54"]
[WhiteElo "1423"]
[BlackElo "1458"]
[Annotator "NA RC"]
[PlyCount "178"]
[EventDate "2024.11.18"]
[EventType "swiss"]
[EventCountry "ITA"]
[SourceTitle "playchess.com"]
[Source "ChessBase"]
[SourceQuality "1"]
[TimeControl "5400+30"]

1. e4 e5 2. Nf3 Nc6 3. Bc4 Bc5 4. c3 Nf6 5. d3 O-O 6. O-O d5 7. exd5 Nxd5 8. h3 Kh8 9. Re1 f6 10. a4 a6 11. Nbd2 Nb6 12. Qe2 Nxc4 13. Nxc4 Bf5 14. Rd1 Qd7 15. Be3 Bxe3 16. fxe3 Rad8 17. d4 exd4 18. exd4 Rfe8 19. Qf2 Qd5 20. Ne3 Qe4 21. Nxf5 Qxf5 22. Re1 h6 23. Re2 Qd3 24. Rd2 Qc4 25. Qg3 Qf7 26. Nh4 Rd5 27. Ng6+ Kg8 28. Rf1 Rg5 29. Qf4 Rxg6 30. h4 Qe7 31. Rdf2 Kh8 32. Qf5 Qf7 33. Qf4 Re7 34. Qf5 Qe8 35. Kh2 Re4 36. g3 Re2 37. Qf3 Rxf2+ 38. Rxf2 Qd7 39. Re2 f5 40. Rf2 Rf6 41. b4 g5 42. Qh5 Qg7 43. Qf3 gxh4 44. gxh4 f4 45. Rg2 Qf7 46. Rf2 Qe7 47. Re2 Qf7 48. Rf2 Kh7 49. Rg2 Rf5 50. Qe4 Qd5 51. Qd3 f3 52. Rf2 Qd6+ 53. Kg1 Qg6+ 54. Kf1 Qg4 55. Rh2 Qf4 56. Rd2 f2 57. Qc2 Qf3 58. Rxf2 Qxf2+ 59. Qxf2 Rxf2+ 60. Kxf2 Kg6 61. Kg3 Kf5 62. Kf3 h5 63. b5 axb5 64. axb5 Na5 65. d5 Nc4 66. Ke2 Ke4 67. b6 Nxb6 68. d6 cxd6 69. c4 Nxc4 70. Kf2 Kf4 71. Ke2 Kg4 72. Kd3 Kxh4 73. Kxc4 Kg3 74. Kd3 h4 75. Kd4 h3 76. Kd5 h2 77. Kxd6 h1=Q 78. Ke5 Qf3 79. Kd4 b5 80. Kc5 Qe4 81. Kxb5 Qc2 82. Kb4 Kf4 83. Kb5 Qc3 84. Kb6 Qc4 85. Ka5 Qb3 86. Ka6 Ke5 87. Ka5 Kd6 88. Ka6 Kc6 89. Ka7 Qb7# 0-1

[Event "FIDE WCCC Open-08 2024"]
[Site "Montesilvano"]
[Date "2024.11.22"]
[Round "7.45"]
[White "Bakirli, Matin"]
[Black "Kuncoro, Harvey"]
[Result "1-0"]
[ECO "B34"]
[WhiteElo "1578"]
[BlackElo "1432"]
[Annotator "NA RC"]
[PlyCount "97"]
[EventDate "2024.11.18"]
[EventType "swiss"]
[EventCountry "ITA"]
[SourceTitle "playchess.com"]
[Source "ChessBase"]
[SourceQuality "1"]
[TimeControl "5400+30"]

1. e4 c5 2. Nf3 Nc6 3. d4 cxd4 4. Nxd4 g6 5. Be2 Bg7 6. Be3 Nf6 7. Nc3 O-O 8. Nxc6 bxc6 9. O-O d5 10. exd5 cxd5 11. Bf3 Ba6 12. Nxd5 Bxf1 13. Nxf6+ Bxf6 14. Bxa8 Qxd1 15. Rxd1 Rxa8 16. Kxf1 Rc8 17. c3 a5 18. Rc1 Kf8 19. Bd2 Rb8 20. b3 a4 21. b4 Rd8 22. Ke2 Rd6 23. c4 Rxd2+ 24. Kxd2 Bg5+ 25. Kc2 Bxc1 26. Kxc1 e5 27. Kd2 f5 28. f3 Ke7 29. c5 Kd7 30. b5 Kc7 31. Kd3 h5 32. Kc4 Kb7 33. h4 a3 34. Kd5 e4 35. fxe4 f4 36. Ke5 f3 37. gxf3 g5 38. hxg5 h4 39. Kf4 h3 40. Kg3 Kc7 41. g6 h2 42. Kxh2 Kd7 43. g7 Ke6 44. g8=Q+ Ke5 45. b6 Kf4 46. b7 Kxf3 47. b8=Q Kxe4 48. Qc4+ Kf3 49. Qbf4# 1-0

[Event "FIDE WCCC Open-08 2024"]
[Site "Montesilvano"]
[Date "2024.11.22"]
[Round "7.46"]
[White "Lee, Yoonjae A"]
[Black "Katsarski, Yan"]
[Result "1-0"]
[ECO "C57"]
[WhiteElo "1546"]
[BlackElo "1418"]
[Annotator "NA RC"]
[PlyCount "61"]
[EventDate "2024.11.18"]
[EventType "swiss"]
[EventCountry "ITA"]
[SourceTitle "playchess.com"]
[Source "ChessBase"]
[SourceQuality "1"]
[TimeControl "5400+30"]

1. e4 e5 2. Nf3 Nc6 3. Bc4 Nf6 4. Ng5 d5 5. exd5 Nd4 6. c3 b5 7. Bb3 Nxb3 8. Qxb3 Nxd5 9. Qxb5+ Bd7 10. Qxd5 Qxg5 11. Qxa8+ Ke7 12. Qf3 g6 13. O-O Bf5 14. b3 Bg7 15. Ba3+ Kd7 16. Qg3 Qf6 17. c4 e4 18. Nc3 Qa6 19. Bb2 Kc8 20. Nd5 Qb7 21. Bxg7 Rd8 22. Ne7+ Kb8 23. Nxf5 gxf5 24. Qc3 Qc6 25. a4 f4 26. a5 Qg6 27. Qf6 Qg4 28. Qxd8+ Kb7 29. a6+ Kc6 30. Qd5+ Kb6 31. Qb5# 1-0

[Event "FIDE WCCC Open-08 2024"]
[Site "Montesilvano"]
[Date "2024.11.22"]
[Round "7.47"]
[White "Senthilkumar, Tharveen"]
[Black "Contreras Salcedo, Samuel Esteban"]
[Result "1-0"]
[ECO "C55"]
[WhiteElo "1411"]
[BlackElo "1508"]
[Annotator "NA RC"]
[PlyCount "89"]
[EventDate "2024.11.18"]
[EventType "swiss"]
[EventCountry "ITA"]
[SourceTitle "playchess.com"]
[Source "ChessBase"]
[SourceQuality "1"]
[TimeControl "5400+30"]

1. e4 e5 2. Nf3 Nc6 3. Bc4 Nf6 4. Nc3 Nxe4 5. Nxe4 d5 6. Bxd5 Qxd5 7. Nc3 Qd8 8. O-O Be7 9. Re1 f6 10. d3 Bg4 11. h3 Bh5 12. Ne4 Nd4 13. Ned2 Qd7 14. c3 Nxf3+ 15. Nxf3 O-O-O 16. d4 Bxf3 17. Qxf3 h5 18. dxe5 fxe5 19. Be3 Rdf8 20. Qe4 Kb8 21. Qxe5 Bd6 22. Qd4 b6 23. Rad1 g5 24. Bxg5 Rhg8 25. h4 Qf7 26. Qd2 Qg7 27. g3 Qf7 28. b3 Bc5 29. Rf1 Rg7 30. b4 Bd6 31. Bh6 Rfg8 32. Bxg7 Rxg7 33. Qd5 Qd7 34. Qxh5 Rg8 35. c4 Qh3 36. Qd5 Rg7 37. Qg2 Qg4 38. Rfe1 Rg8 39. c5 Bf4 40. Rd4 Qg7 41. Rxf4 Qc3 42. Rfe4 a6 43. Re8+ Rxe8 44. Rxe8+ Ka7 45. Qa8# 1-0

[Event "FIDE WCCC Open-08 2024"]
[Site "Montesilvano"]
[Date "2024.11.22"]
[Round "7.49"]
[White "Hakobyan, Sos"]
[Black "Borkowski, Jan"]
[Result "0-1"]
[ECO "B24"]
[WhiteElo "1806"]
[BlackElo "1481"]
[Annotator "NA"]
[PlyCount "45"]
[EventDate "2024.11.18"]
[EventType "swiss"]
[EventCountry "ITA"]
[SourceTitle "playchess.com"]
[Source "ChessBase"]
[SourceQuality "1"]
[TimeControl "5400+30"]

1. e4 c5 2. Nc3 e6 3. g3 Nc6 4. Bg2 Nf6 5. d3 Be7 6. h3 O-O 7. f4 d6 8. Nge2 a6 9. O-O Qc7 10. g4 h6 11. Ng3 Nh7 12. Nce2 Bf6 13. Nh5 Bh4 14. Nhg3 Rb8 15. Be3 Ne7 16. Qe1 f5 17. Rd1 Rf6 18. Qd2 Rg6 19. Bf3 b5 20. b3 Bd7 21. Kh2 Rf8 22. a3 fxg4 23. Rh1 0-1

[Event "FIDE WCCC Open-08 2024"]
[Site "Montesilvano"]
[Date "2024.11.22"]
[Round "7.50"]
[White "Kim, Rian B"]
[Black "Ameen Akbar T A"]
[Result "1/2-1/2"]
[ECO "D00"]
[WhiteElo "1452"]
[BlackElo "1579"]
[Annotator "NA RC"]
[PlyCount "67"]
[EventDate "2024.11.18"]
[EventType "swiss"]
[EventCountry "ITA"]
[SourceTitle "playchess.com"]
[Source "ChessBase"]
[SourceQuality "1"]
[TimeControl "5400+30"]

1. d4 d5 2. Bf4 Nf6 3. e3 c5 4. c3 Qb6 5. Qb3 c4 6. Qxb6 axb6 7. Nd2 b5 8. b3 g6 9. Ngf3 Bg7 10. Be2 Nc6 11. Ne5 Bf5 12. h4 h5 13. f3 Nd7 14. Nxd7 Bxd7 15. e4 dxe4 16. fxe4 e5 17. dxe5 Nxe5 18. Bxe5 Bxe5 19. bxc4 bxc4 20. Bxc4 Bxc3 21. Rb1 Bxd2+ 22. Kxd2 Rd8 23. Ke3 Bc6 24. Rhf1 O-O 25. Rf6 Kg7 26. Rbf1 Rd7 27. R6f4 b5 28. Bb3 f5 29. R1f2 Bxe4 30. Bc2 Bxc2 31. Rxc2 Re8+ 32. Kf2 Ra8 33. Rb4 Rad8 34. Rbb2 1/2-1/2

[Event "FIDE WCCC Open-08 2024"]
[Site "Montesilvano"]
[Date "2024.11.22"]
[Round "7.57"]
[White "Cantoro, Fabrizio"]
[Black "Papadopoulos, Antonios P"]
[Result "0-1"]
[ECO "C10"]
[WhiteElo "1429"]
[BlackElo "1455"]
[Annotator "NA RC"]
[PlyCount "92"]
[EventDate "2024.11.18"]
[EventType "swiss"]
[EventCountry "ITA"]
[SourceTitle "playchess.com"]
[Source "ChessBase"]
[SourceQuality "1"]
[TimeControl "5400+30"]

1. e4 e6 2. d4 d5 3. Nc3 Nc6 4. Bd3 Nxd4 5. Be3 Nc6 6. Nge2 Nf6 7. O-O d4 8. Bb5 dxe3 9. Bxc6+ bxc6 10. Qxd8+ Kxd8 11. Rad1+ Bd7 12. e5 exf2+ 13. Rxf2 Nd5 14. Rxf7 Ke8 15. Rdf1 Ne3 16. R1f3 Ng4 17. Ne4 Nxe5 18. Rxd7 Nxf3+ 19. gxf3 Kxd7 20. Ng5 Bc5+ 21. Kg2 Rhb8 22. Nf4 Rxb2 23. Nfxe6 Rxc2+ 24. Kg3 h6 25. Nxc5+ Rxc5 26. Ne4 Rc2 27. f4 Rf8 28. Kg4 Rc4 29. Ng3 Rfxf4+ 30. Kh5 Rh4+ 31. Kg6 Rxh2 32. Kxg7 Rg4+ 33. Kf6 Rxg3 34. Ke5 Rxa2 35. Kd4 h5 36. Ke4 c5 37. Kd5 h4 38. Kxc5 h3 39. Kd5 h2 40. Ke5 h1=Q 41. Kf4 Rf2+ 42. Ke5 Qe1+ 43. Kd5 Rd2+ 44. Kc5 Qc1+ 45. Kb5 Rb2+ 46. Ka6 Qa1# 0-1

[Event "FIDE WCCC Open-08 2024"]
[Site "Montesilvano"]
[Date "2024.11.23"]
[Round "8.1"]
[White "Li, Aiden Linyuan"]
[Black "Mani, Sarbartho"]
[Result "1-0"]
[ECO "E01"]
[WhiteElo "1877"]
[BlackElo "1824"]
[Annotator "NA RC"]
[PlyCount "111"]
[EventDate "2024.11.18"]
[EventType "swiss"]
[EventCountry "ITA"]
[SourceTitle "playchess.com"]
[Source "ChessBase"]
[SourceQuality "1"]
[TimeControl "5400+30"]

1. d4 Nf6 2. c4 e6 3. Nf3 d5 4. g3 c6 5. Bg2 Bd6 6. O-O O-O 7. Nc3 Nbd7 8. Nd2 Be7 9. e4 dxe4 10. Ndxe4 Nxe4 11. Nxe4 Nf6 12. Be3 Nxe4 13. Bxe4 Bf6 14. Qd3 g6 15. Rad1 Bg7 16. Rd2 Qe7 17. f4 Rd8 18. h4 c5 19. Qa3 Qc7 20. d5 exd5 21. cxd5 Bh3 22. Rc1 Bf8 23. Kh2 Bg4 24. Bxc5 Rac8 25. Rdc2 Bxc5 26. Rxc5 Qb6 27. R1c2 Rxc5 28. Qxc5 Qxc5 29. Rxc5 Rc8 30. Rc3 Kf8 31. d6 Rxc3 32. bxc3 Ke8 33. Bxb7 Kd7 34. Bd5 f6 35. Bg8 h6 36. Bh7 g5 37. hxg5 hxg5 38. Kg2 Kxd6 39. Kf2 Be6 40. a3 Kc5 41. Bd3 g4 42. f5 Bc4 43. Ke3 a5 44. Bxc4 Kxc4 45. Kf4 Kxc3 46. Kxg4 a4 47. Kh5 Kb3 48. g4 Kxa3 49. g5 fxg5 50. f6 Kb2 51. f7 a3 52. f8=Q a2 53. Qb4+ Ka1 54. Qb3 g4 55. Qc2 g3 56. Qc1# 1-0

[Event "FIDE WCCC Open-08 2024"]
[Site "Montesilvano"]
[Date "2024.11.23"]
[Round "8.2"]
[White "Ulan, Rizat"]
[Black "Badescu, Matei-Andrei"]
[Result "1-0"]
[ECO "B99"]
[WhiteElo "1783"]
[BlackElo "1829"]
[Annotator "NA RC"]
[PlyCount "141"]
[EventDate "2024.11.18"]
[EventType "swiss"]
[EventCountry "ITA"]
[SourceTitle "playchess.com"]
[Source "ChessBase"]
[SourceQuality "1"]
[TimeControl "5400+30"]

1. e4 c5 2. Nf3 d6 3. d4 cxd4 4. Nxd4 Nf6 5. Nc3 a6 6. Bg5 e6 7. f4 Be7 8. Qf3 h6 9. Bh4 Nbd7 10. O-O-O Qc7 11. Be2 b5 12. Bxf6 Nxf6 13. e5 Bb7 14. Qg3 dxe5 15. fxe5 Nd5 16. Nxe6 fxe6 17. Qg6+ Kd7 18. Bg4 Qxe5 19. Nxd5 Qg5+ 20. Qxg5 Bxg5+ 21. Kb1 Bxd5 22. Rxd5+ Kc7 23. Re5 Rhe8 24. Rhe1 Rad8 25. Rxe6 Rxe6 26. Rxe6 Rd2 27. Bf3 Rd6 28. Re1 Rd2 29. b4 Rd6 30. Re8 Bf6 31. a3 Rb6 32. Ka2 Rd6 33. Kb3 Kb6 34. a4 bxa4+ 35. Kxa4 Rd2 36. Kb3 Rf2 37. Rb8+ Kc7 38. Rb7+ Kc8 39. Ra7 Rf1 40. Rxa6 Rb1+ 41. Kc4 Rb2 42. c3 Rc2 43. Ra3 Kc7 44. Rb3 Kb6 45. Kd3 Rc1 46. Ra3 Be7 47. Ra8 Bf6 48. Rc8 Be5 49. Rc6+ Ka7 50. h3 Bf6 51. Rc5 Kb6 52. Kd2 Ra1 53. Kc2 Re1 54. Rd5 Re3 55. Rd3 Rxd3 56. Kxd3 Kb5 57. Kc2 Be5 58. Kb3 Bf6 59. c4+ Kb6 60. c5+ Kb5 61. Be2+ Kc6 62. Kc4 g6 63. Bd3 g5 64. Be4+ Kc7 65. b5 h5 66. Bf3 h4 67. b6+ Kb8 68. c6 Be5 69. Kd5 Bf4 70. c7+ Kb7 71. Kc5+ 1-0

[Event "FIDE WCCC Open-08 2024"]
[Site "Montesilvano"]
[Date "2024.11.23"]
[Round "8.3"]
[White "Protopopescu, Luca"]
[Black "Sattwik Swain"]
[Result "1/2-1/2"]
[ECO "C44"]
[WhiteElo "1818"]
[BlackElo "1787"]
[Annotator "NA RC"]
[PlyCount "69"]
[EventDate "2024.11.18"]
[EventType "swiss"]
[EventCountry "ITA"]
[SourceTitle "playchess.com"]
[Source "ChessBase"]
[SourceQuality "1"]
[TimeControl "5400+30"]

1. e4 e5 2. Nf3 Nc6 3. d4 exd4 4. Bc4 Bc5 5. Ng5 Nh6 6. Nxf7 Nxf7 7. Bxf7+ Kxf7 8. Qh5+ g6 9. Qxc5 d5 10. O-O dxe4 11. c3 Be6 12. cxd4 Qxd4 13. Qg5 Qe5 14. Qh4 Bc4 15. Re1 Bd3 16. Nc3 Rae8 17. Nxe4 Bxe4 18. f3 Qd4+ 19. Be3 Qf6 20. Qxf6+ Kxf6 21. fxe4 Rxe4 22. Rf1+ Ke6 23. Bg5 h6 24. Bf4 Rh7 25. Bd2 g5 26. Rf8 Re2 27. Bc3 Rf7 28. Rxf7 Kxf7 29. Rf1+ Ke7 30. h4 gxh4 31. Rf4 Re6 32. Rxh4 Kf7 33. Rf4+ Kg6 34. Kf2 h5 35. Rc4 1/2-1/2

[Event "FIDE WCCC Open-08 2024"]
[Site "Montesilvano"]
[Date "2024.11.23"]
[Round "8.4"]
[White "Demchenko, Timofei"]
[Black "Guo, Philipp Ziming"]
[Result "0-1"]
[ECO "B31"]
[WhiteElo "1969"]
[BlackElo "2139"]
[Annotator "RC"]
[PlyCount "132"]
[EventDate "2024.11.18"]
[EventType "swiss"]
[EventCountry "ITA"]
[SourceTitle "playchess.com"]
[Source "ChessBase"]
[SourceQuality "1"]
[TimeControl "5400+30"]

1. e4 c5 2. Nf3 Nc6 3. Bb5 g6 4. O-O Bg7 5. Re1 Nf6 6. e5 Nd5 7. Nc3 Nc7 8. Bxc6 dxc6 9. Ne4 Ne6 10. b3 O-O 11. Bb2 b6 12. h4 Nd4 13. Nxd4 cxd4 14. Ng3 c5 15. h5 Bb7 16. f4 Qd5 17. Ne4 f5 18. exf6 exf6 19. c4 Qc6 20. Qf3 Rae8 21. d3 f5 22. Ng5 Qxf3 23. gxf3 Bf6 24. hxg6 hxg6 25. Kf2 Re3 26. Kg3 Rxd3 27. Rad1 Rxd1 28. Rxd1 Re8 29. Rd2 Re3 30. Rf2 Kg7 31. Ba1 a6 32. Bb2 b5 33. Bc1 Re1 34. Bd2 Re8 35. a4 bxc4 36. bxc4 Bc6 37. a5 Ba4 38. Rh2 d3 39. Rh7+ Kg8 40. Rh6 Bxg5 41. Rxg6+ Kf7 42. Rxg5 Bd7 43. Bc3 Re2 44. Kh3 Rc2 45. Rg7+ Ke6 46. Rg6+ Ke7 47. Rg7+ Kd8 48. Rg8+ Be8 49. Bf6+ Kd7 50. Rg7+ Ke6 51. Re7+ Kxf6 52. Rxe8 Rxc4 53. Rf8+ Ke7 54. Rb8 d2 55. Rb7+ Kd6 56. Rb6+ Kc7 57. Rb1 Rd4 58. Rd1 c4 59. Kh4 c3 60. Kg5 c2 61. Rxd2 Rxd2 62. Kf6 c1=Q 63. Kf7 Qc6 64. Ke7 Rd7+ 65. Ke8 Qe6+ 66. Kf8 Qf7# 0-1

[Event "FIDE WCCC Open-08 2024"]
[Site "Montesilvano"]
[Date "2024.11.23"]
[Round "8.5"]
[White "Pham, Han Nam"]
[Black "Kavish Palaniappan K"]
[Result "1-0"]
[ECO "E01"]
[WhiteElo "1912"]
[BlackElo "1589"]
[Annotator "RC"]
[PlyCount "115"]
[EventDate "2024.11.18"]
[EventType "swiss"]
[EventCountry "ITA"]
[SourceTitle "playchess.com"]
[Source "ChessBase"]
[SourceQuality "1"]
[TimeControl "5400+30"]

1. c4 e6 2. Nc3 d5 3. d4 Nf6 4. g3 Be7 5. Bg2 O-O 6. e3 b6 7. cxd5 exd5 8. Nge2 Bb7 9. O-O Nbd7 10. b3 Re8 11. Bb2 Nf8 12. Rc1 Ne6 13. Qd2 Bd6 14. Rc2 Qd7 15. Rfc1 Ng5 16. Qe1 Qg4 17. Nb5 Ba6 18. Nxd6 cxd6 19. Nf4 Re4 20. Qd1 Qf5 21. h4 Rxf4 22. hxg5 Rxf2 23. Rxf2 Qxg5 24. Qf3 Re8 25. Qf4 Qh5 26. Bf3 Qg6 27. Ba3 Bd3 28. Bxd6 Be4 29. Be5 Bxf3 30. Rxf3 Nd7 31. Qf5 Qxf5 32. Rxf5 g6 33. Rf3 Nxe5 34. dxe5 Rxe5 35. Rc8+ Kg7 36. Rc7 Kh6 37. Rcxf7 d4 38. exd4 Re1+ 39. Kg2 Rd1 40. Rd7 Rd2+ 41. Kh3 Rxa2 42. Kg4 Re2 43. Rff7 Re4+ 44. Kf3 Re1 45. Kf4 g5+ 46. Kf5 Rf1+ 47. Kg4 Rxf7 48. Rxf7 Kg6 49. Rf2 h5+ 50. Kh3 a6 51. d5 b5 52. d6 a5 53. d7 g4+ 54. Kh4 a4 55. d8=Q axb3 56. Rf6+ Kh7 57. Rf7+ Kg6 58. Qf6# 1-0

[Event "FIDE WCCC Open-08 2024"]
[Site "Montesilvano"]
[Date "2024.11.23"]
[Round "8.6"]
[White "Czachurski, Ignacy"]
[Black "Xu, Zhihan (Samuel)"]
[Result "0-1"]
[ECO "C45"]
[WhiteElo "1672"]
[BlackElo "1881"]
[Annotator "NA RC"]
[PlyCount "82"]
[EventDate "2024.11.18"]
[EventType "swiss"]
[EventCountry "ITA"]
[SourceTitle "playchess.com"]
[Source "ChessBase"]
[SourceQuality "1"]
[TimeControl "5400+30"]

1. e4 e5 2. Nf3 Nc6 3. d4 exd4 4. Nxd4 Bc5 5. Nb3 Bb6 6. Nc3 Qf6 7. Qe2 Nge7 8. Be3 d6 9. O-O-O Be6 10. g3 O-O-O 11. Bg2 Rhe8 12. Bxb6 axb6 13. f4 Qh6 14. Kb1 f5 15. Nd4 Nxd4 16. Rxd4 Nc6 17. Rdd1 fxe4 18. Qb5 Bg4 19. Rde1 Bf3 20. Bxf3 exf3 21. h4 Qg6 22. h5 Qxg3 23. Qf5+ Kb8 24. Reg1 f2 25. Rc1 Qg2 26. Rhd1 Rf8 27. Qxh7 Rxf4 28. Rf1 Re8 29. Nb5 Qxf1 30. a4 Qxc1+ 31. Ka2 Rxa4+ 32. Kb3 Rb4+ 33. Kc3 Re3+ 34. Qd3 Rxd3+ 35. Kxd3 f1=B+ 36. Kc3 Qxb2+ 37. Kd2 Rxb5 38. h6 Qd4+ 39. Kc1 Ra5 40. c4 Ra2 41. hxg7 Qa1# 0-1

[Event "FIDE WCCC Open-08 2024"]
[Site "Montesilvano"]
[Date "2024.11.23"]
[Round "8.7"]
[White "Ayaan Phutane"]
[Black "Bausys, Benas"]
[Result "1-0"]
[ECO "A59"]
[WhiteElo "1796"]
[BlackElo "1564"]
[Annotator "NA RC"]
[PlyCount "97"]
[EventDate "2024.11.18"]
[EventType "swiss"]
[EventCountry "ITA"]
[SourceTitle "playchess.com"]
[Source "ChessBase"]
[SourceQuality "1"]
[TimeControl "5400+30"]

1. d4 Nf6 2. c4 c5 3. d5 b5 4. cxb5 a6 5. bxa6 Bxa6 6. Nc3 d6 7. e4 Bxf1 8. Kxf1 g6 9. g3 Bg7 10. Kg2 O-O 11. Nf3 Nbd7 12. h3 Qb6 13. Re1 Ne8 14. Qc2 Nc7 15. Be3 Rfb8 16. Reb1 Qb7 17. Qd2 Nb6 18. Qd3 Na4 19. Nxa4 Rxa4 20. a3 Qa8 21. Ra2 Na6 22. Bd2 c4 23. Qc2 Nc5 24. Be3 Qa5 25. Bxc5 dxc5 26. Nd2 Qb5 27. b3 Raa8 28. bxc4 Qa5 29. a4 Bc3 30. Rxb8+ Rxb8 31. Nb3 Qb4 32. Nxc5 Qxc4 33. Ra3 Qxc5 34. Rxc3 Qb4 35. Rc4 Qb7 36. a5 Qa6 37. Qa4 Rb2 38. Rb4 Rd2 39. Qb5 Qf6 40. Qb8+ Kg7 41. Qf4 Qc3 42. Rb7 Kf8 43. Qh6+ Ke8 44. Rb8+ Kd7 45. Qf4 Qxa5 46. Qxf7 Qa6 47. e5 Rd1 48. Qe8+ Kc7 49. Qd8# 1-0

[Event "FIDE WCCC Open-08 2024"]
[Site "Montesilvano"]
[Date "2024.11.23"]
[Round "8.8"]
[White "Nurshin, Nurali"]
[Black "Divith Reddy Adulla"]
[Result "0-1"]
[ECO "B54"]
[WhiteElo "1612"]
[BlackElo "1784"]
[Annotator "NA RC"]
[PlyCount "130"]
[EventDate "2024.11.18"]
[EventType "swiss"]
[EventCountry "ITA"]
[SourceTitle "playchess.com"]
[Source "ChessBase"]
[SourceQuality "1"]
[TimeControl "5400+30"]

1. e4 c5 2. Nf3 a6 3. c4 d6 4. d4 cxd4 5. Nxd4 Nf6 6. Nc3 g6 7. f3 Bg7 8. Be3 O-O 9. Be2 Re8 10. O-O Nc6 11. Nd5 Rb8 12. Qd2 Bd7 13. Rac1 Nxd4 14. Bxd4 Bc6 15. Nxf6+ Bxf6 16. Bxf6 exf6 17. Rfd1 Qb6+ 18. Qd4 Qxd4+ 19. Rxd4 f5 20. Bd3 fxe4 21. fxe4 Re6 22. Rc2 Rbe8 23. h3 Kg7 24. b3 Kf6 25. Rd2 Ke5 26. Bc2 b6 27. Kf2 Rf6+ 28. Ke3 a5 29. Bd1 h5 30. g4 hxg4 31. Bxg4 Rf1 32. Rxd6 Bxe4 33. Rxb6 f5 34. Rb5+ Kf6 35. Rd6+ Kg7 36. Be2 Bf3+ 37. Kd4 Rxe2 38. c5 Rd1+ 39. Kc3 Rc1+ 40. Kd4 Re4+ 41. Kd3 Be2+ 42. Kd2 Bxb5 43. Kxc1 Re5 44. Kb2 Rxc5 45. a4 Bf1 46. b4 axb4 47. Kb3 Bxh3 48. Kxb4 Rc8 49. a5 Bg2 50. a6 f4 51. Kb5 f3 52. Rd2 Bf1+ 53. Kb6 Bxa6 54. Kxa6 Rf8 55. Rf2 g5 56. Kb5 g4 57. Kc4 g3 58. Rf1 f2 59. Kd3 g2 60. Ke2 g1=Q 61. Rxg1+ fxg1=Q 62. Kd3 Rf3+ 63. Kc4 Qd1 64. Kc5 Rc3+ 65. Kb6 Qb1+ 0-1

[Event "FIDE WCCC Open-08 2024"]
[Site "Montesilvano"]
[Date "2024.11.23"]
[Round "8.9"]
[White "Zhu, Daniel"]
[Black "Elemes, Nurmukhamed"]
[Result "0-1"]
[ECO "A47"]
[WhiteElo "2050"]
[BlackElo "1735"]
[Annotator "RC"]
[PlyCount "58"]
[EventDate "2024.11.18"]
[EventType "swiss"]
[EventCountry "ITA"]
[SourceTitle "playchess.com"]
[Source "ChessBase"]
[SourceQuality "1"]
[TimeControl "5400+30"]

1. d4 Nf6 2. Nf3 e6 3. Bf4 b6 4. e3 Bb7 5. Bd3 Nh5 6. Bg5 Be7 7. Bxe7 Qxe7 8. Nbd2 c5 9. c3 O-O 10. Qc2 f5 11. h3 cxd4 12. g4 dxe3 13. fxe3 Ng3 14. Rg1 Ne4 15. Nxe4 fxe4 16. Bxe4 Bxe4 17. Qxe4 d5 18. Qd3 Rxf3 19. O-O-O Qc5 20. Rde1 Nc6 21. Kb1 Raf8 22. g5 Ne5 23. Qe2 Rf2 24. Qh5 Qb5 25. Re2 Rxe2 26. Qxe2 Qxe2 27. g6 Nd3 28. gxh7+ Kh8 29. Rg2 Rf1# 0-1

[Event "FIDE WCCC Open-08 2024"]
[Site "Montesilvano"]
[Date "2024.11.23"]
[Round "8.10"]
[White "Jia, Zining (Matthew)"]
[Black "Meiyazhagan, Kaviinayan"]
[Result "0-1"]
[ECO "D02"]
[WhiteElo "1550"]
[BlackElo "1707"]
[Annotator "NA RC"]
[PlyCount "120"]
[EventDate "2024.11.18"]
[EventType "swiss"]
[EventCountry "ITA"]
[SourceTitle "playchess.com"]
[Source "ChessBase"]
[SourceQuality "1"]
[TimeControl "5400+30"]

1. Nf3 d5 2. d4 e6 3. Bf4 Nf6 4. e3 c5 5. Nc3 Be7 6. Bd3 O-O 7. h3 b6 8. O-O Nc6 9. Re1 Bb7 10. a3 Rc8 11. Bf1 h6 12. Ne2 Bd6 13. Bxd6 Qxd6 14. Ng3 Ne4 15. dxc5 Qxc5 16. Nxe4 dxe4 17. Nd2 Rfd8 18. c3 Ne5 19. Qc2 Qd5 20. Nb3 Nd3 21. Red1 Qg5 22. Nd4 e5 23. Ne2 f5 24. Nc1 Rd6 25. Nxd3 exd3 26. Rxd3 Rg6 27. Qb3+ Kh7 28. e4 Bxe4 29. Rg3 Qf6 30. Rxg6 Qxg6 31. Qa4 f4 32. Re1 Bc6 33. Qd1 e4 34. f3 Re8 35. fxe4 Rxe4 36. Rxe4 Bxe4 37. Qd7 Bxg2 38. Bxg2 f3 39. Qg4 fxg2 40. Qxg6+ Kxg6 41. Kxg2 Kf5 42. Kf3 g5 43. c4 h5 44. b4 Ke5 45. Ke3 g4 46. hxg4 hxg4 47. a4 g3 48. Kf3 Kd4 49. Kxg3 Kxc4 50. a5 Kxb4 51. axb6 axb6 52. Kf2 Kc3 53. Ke1 b5 54. Kd1 b4 55. Kc1 b3 56. Kb1 b2 57. Ka2 Kc2 58. Ka3 b1=Q 59. Ka4 Qb6 60. Ka3 Qa5# 0-1

[Event "FIDE WCCC Open-08 2024"]
[Site "Montesilvano"]
[Date "2024.11.23"]
[Round "8.11"]
[White "Stankowski, Wiktor"]
[Black "Morozevich, Kirill Aleks"]
[Result "0-1"]
[ECO "C54"]
[WhiteElo "1617"]
[BlackElo "1484"]
[Annotator "NA RC"]
[PlyCount "148"]
[EventDate "2024.11.18"]
[EventType "swiss"]
[EventCountry "ITA"]
[SourceTitle "playchess.com"]
[Source "ChessBase"]
[SourceQuality "1"]
[TimeControl "5400+30"]

1. e4 e5 2. Bc4 Nf6 3. d3 Nc6 4. Nf3 Bc5 5. Bb3 d6 6. c3 h6 7. O-O O-O 8. Nbd2 Be6 9. h3 Qd7 10. Kh2 Qe7 11. Qe2 Nh5 12. Nxe5 Nxe5 13. Qxh5 Nxd3 14. f4 Bxb3 15. axb3 Nxc1 16. Raxc1 Be3 17. Rcd1 Bxd2 18. Rxd2 Qxe4 19. f5 Qe5+ 20. Kg1 Rae8 21. g4 Qe3+ 22. Rdf2 Re5 23. Qh4 f6 24. Kh2 Rfe8 25. Qg3 Qb6 26. h4 Re3 27. Qg2 R3e4 28. Qg3 Qxb3 29. g5 Qc4 30. Rf4 Rxf4 31. Rxf4 Re2+ 32. Kh3 Qf7 33. gxh6 Kh7 34. hxg7 Qxg7 35. Qxg7+ Kxg7 36. Rg4+ Kf7 37. h5 Re5 38. Rf4 Kg7 39. Kh4 Kh6 40. Ra4 Rxf5 41. Rxa7 Rxh5+ 42. Kg4 Rb5 43. b4 Kg6 44. Kf4 Kf7 45. Ke4 Ke6 46. Kd4 f5 47. Kc4 Rb6 48. Kd4 Kf6 49. Kd5 Rb5+ 50. Kc4 c6 51. Kb3 Ke5 52. c4 Rb6 53. Ka4 Ra6+ 54. Rxa6 bxa6 55. Ka5 f4 56. Kxa6 f3 57. b5 cxb5 58. cxb5 f2 59. b6 f1=Q+ 60. Ka7 Qa1+ 61. Kb8 d5 62. b7 d4 63. Kc8 Qa6 64. Kc7 d3 65. b8=N Qa7+ 66. Kc8 Qxb8+ 67. Kxb8 d2 68. Ka8 d1=Q 69. Kb7 Kd6 70. Kc8 Qc2+ 71. Kb7 Qc6+ 72. Ka7 Qb5 73. Ka8 Kc7 74. Ka7 Qb7# 0-1